 Dungeon Crawl Stone Soup version 0.29.0-11-gd7f09526c8 (webtiles) character file.

Game seed: 11186052897383969827

10 NinjaNoafa the Caller (level 2, -5/19 HPs)
             Began as a Merfolk Summoner on Sept 6, 2022.
             Slain by a worm (10 damage)
             ... on level 2 of the Dungeon.
             The game lasted 00:00:25 (92 turns).

NinjaNoafa the Caller (Merfolk Summoner)              Turns: 92, Time: 00:00:26

Health: -5/19      AC:  2    Str:  8    XL:     2   Next: 20%
Magic:  0/5        EV: 12    Int: 14    God:
Gold:   8          SH:  0    Dex: 14    Spells: 4/5 levels left

rFire   . . .      SeeInvis .   (no weapon)
rCold   . . .      Faith    .   (no shield)
rNeg    . . .      Spirit   .   a - +0 robe
rPois   .          Reflect  .   (no helmet)
rElec   .          Harm     .   (no cloak)
rCorr   .          Rampage  .   (no gloves)
Will    .....                   (no boots)
Stlth   ++........              (no amulet)
HPRegen 0.06/turn               (no ring)
MPRegen 0.09/turn               (no ring)

@: mighty
A: (nimble swimmer 2), mertail
a: no special abilities


You were on level 2 of the Dungeon.
You visited 1 branch of the dungeon, and saw 2 of its levels.

You collected 8 gold pieces.

Inventory:

Armour
 a - a +0 robe (worn)
Potions
 b - a potion of magic


   Skills:
 - Level 2.6 Dodging
 - Level 2.1 Stealth
 - Level 2.0 Spellcasting
 + Level 4.5 Summonings


You had 4 spell levels left.
You knew the following spells:

 Your Spells              Type           Power      Damage    Failure   Level
a - Summon Small Mammal   Summ           56%        N/A       3%          1

Your spell library contained the following spells:

 Spells                   Type           Power      Damage    Failure   Level
 Call Imp                 Summ           14%        N/A       5%          2
 Call Canine Familiar     Summ           14%        N/A       11%         3
 Summon Guardian Golem    Hex/Summ       7%         N/A       28%         3
 Summon Lightning Spire   Summ/Air       7%         N/A       67%         4


Dungeon Overview and Level Annotations

Branches:
Dungeon (1/15)

Altars:


Innate Abilities, Weirdness & Mutations

((You are very nimble when in or above water. (Stealth+, EV+, Speed+++)))
Your lower body shifts to a powerful aquatic tail in water.


Message History

Your quokka barely misses the worm.
The worm completely misses your quokka.
Your quokka closely misses the adder.
Your quokka disappears in a puff of smoke!
The adder bites you.
Your quokka closely misses the adder.
Your bat completely misses the adder.
The adder bites you.
* * * LOW HITPOINT WARNING * * *
Your quokka misses the adder. The worm completely misses your quokka.
The adder closely misses you.
It was a potion of might.
You feel very mighty all of a sudden.
Your bat barely misses the adder.
Your bat hits the adder.
Your quokka barely misses the adder.
The adder misses you.
You barely miss the adder.
The adder is moderately wounded.
Your bat barely misses the adder.
Your quokka closely misses the adder.
The adder barely misses you. The worm barely misses your quokka.
You closely miss the adder.
The adder is moderately wounded.
Your quokka completely misses the adder.
Your bat completely misses the adder.
The adder closely misses you.
Your quokka bites the adder.
The worm bites your quokka. The adder closely misses you.
You barely miss the adder.
The adder is almost dead.
Your bat hits the adder. The adder closely misses your bat.
Your quokka bites the worm.
Your bat closely misses the adder.
You hit the adder.
You kill the adder!
Your bat hits the worm but does no damage.
Your quokka barely misses the worm.
The worm bites your quokka.
Your quokka dies!
Your quokka's corpse disappears in a puff of smoke!
You have reached level 2!
Your bat hits the worm.
A stone appears from out of your range of vision.
The stone hits your bat but does no damage.
You see here an adder corpse.
The worm bites you!
Ouch! That really hurt!
You die...

!## # ....#.
......####
......bw@########
.#.....†.†......+
#.#####.########
..##....########...
...................
.....##############
..#.. . #. #


You could see a worm (ally target) and a friendly bat (summoned).

Vanquished Creatures
  An adder (D:2)
1 creature vanquished.

Vanquished Creatures (collateral kills)
  A hobgoblin (D:2)
1 creature vanquished.

Grand Total: 2 creatures vanquished

Notes
Turn   | Place    | Note
-------+----------+-------------------------------------------
     0 | D:1      | NinjaNoafa the Merfolk Summoner began the quest for the
                  | Orb.
     0 | D:1      | Reached XP level 1. HP: 13/13 MP: 3/3
    58 | D:1      | You fall into a shaft and drop 1 floor!
    91 | D:2      | Reached XP level 2. HP: 5/19 MP: 0/5
    92 | D:2      | Slain by a worm

Illustrated notes

Levels and vault maps discovered:
D:1:      pf_arrival_petrified_forest, layout_basic, basic_ecumenical_altar,
          minmay_misc_feat_iff
D:2:      layout_basic, basic_altar, uniq_sigmund

Action                   || total
-------------------------++-------
Melee: Unarmed           ||     4
 Cast: Summon Small Mamm ||     4
  Use: Potion            ||     1
Armor: Robe              ||     2
Dodge: Dodged            ||     7
